 Dungeon Crawl Stone Soup version 0.28.0-49-g6dfe1f597d (webtiles) character file.

Game seed: 16943759891649493278

56 pkoi the Gusty (level 3, -6/26 HPs)
             Began as a Demigod Air Elementalist on May 19, 2022.
             Killed by nerve-wracking pain
             ... invoked by Jessica
              (14 damage)
             ... on level 2 of the Dungeon.
             The game lasted 00:02:27 (2187 turns).

pkoi the Gusty (Demigod Air Elementalist)           Turns: 2187, Time: 00:02:28

Health: -6/26      AC:  5    Str:  9    XL:     3   Next: 48%
Magic:  5/9        EV: 12    Int: 21    God:
Gold:   39         SH:  0    Dex: 14    Spells: 3/6 levels left

rFire   . . .      SeeInvis .   (no weapon)
rCold   . . .      Faith    .   (no shield)
rNeg    . . .      Spirit   .   a - +0 robe
rPois   .          Reflect  .   g - +0 helmet
rElec   .          Harm     .   (no cloak)
rCorr   .          Rampage  .   (no gloves)
Will    .....                   f - +1 pair of boots
Stlth   ++........              (no amulet)
HPRegen 0.08/turn               (no ring)
MPRegen 0.11/turn               (no ring)

@: no status effects
A: high MP 1, forlorn, divine attributes
a: no special abilities


You were on level 2 of the Dungeon.
You visited 1 branch of the dungeon, and saw 2 of its levels.

You collected 39 gold pieces.

Inventory:

Hand Weapons
 e - a +0 dagger
Armour
 a - a +0 robe (worn)
 f - a +1 pair of boots (worn)
 g - a +0 helmet (worn)
Jewellery
 i - a +6 ring of dexterity
Scrolls
 c - a scroll of identify
Potions
 d - a potion of might


   Skills:
 - Level 1.7 Dodging
 - Level 1.7 Stealth
 + Level 0.9 Unarmed Combat
 + Level 2.3 Spellcasting
 - Level 0.8 Conjurations
 * Level 3.7 Air Magic


You had 3 spell levels left.
You knew the following spells:

 Your Spells              Type           Power      Damage    Failure   Level
a - Shock                 Conj/Air       48%        1d6       5%          1
b - Static Discharge      Conj/Air       12%        N/A       9%          2

Your spell library contained the following spells:

 Spells                   Type           Power      Damage    Failure   Level
 Swiftness                Air            18%        N/A       10%         3
 Airstrike                Air            9%         N/A       30%         4


Dungeon Overview and Level Annotations

Branches:
Dungeon (2/15)

Annotations:
D:2 Jessica


Innate Abilities, Weirdness & Mutations

You have an increased reservoir of magic. (+10% MP)
You shall have no god before yourself.
Your divine heritage dramatically boosts your attributes as you level up.


Message History

Jessica shouts!
Jessica zaps a wand.
The puff of flame hits you.
Jessica is nearby!
Jessica is nearby!
You are too injured to fight recklessly!
You are too injured to fight recklessly!
You are too injured to fight recklessly!
You are too injured to fight recklessly!
Aiming: Shock (safe; 5% risk of failure)
Press: ? - help, Q - select action, (/) - cycle Shift-Dir - straight line, f - Jessica
Aim: Jessica, wielding a +0 club, wearing a +0 robe and carrying a wand of flame (14) (68% to hit)
The zap hits Jessica but does no damage.
Jessica zaps a wand.
The puff of flame hits you.
* * * LOW HITPOINT WARNING * * *
Aiming: Shock (safe; 5% risk of failure)
Press: ? - help, Q - select action, (/) - cycle Shift-Dir - straight line, f/p - Jessica
Aim: Jessica, wielding a +0 club, wearing a +0 robe and carrying a wand of flame (13) (68% to hit)
The zap hits Jessica.
Jessica is heavily wounded.
Jessica zaps a wand.
The puff of flame misses you.
Aiming: Shock (safe; 5% risk of failure)
Press: ? - help, Q - select action, (/) - cycle Shift-Dir - straight line, f/p - Jessica
Aim: Jessica, wielding a +0 club, wearing a +0 robe and carrying a wand of flame (12) (heavily wounded, 68% to hit)
The zap misses Jessica.
Jessica zaps a wand.
The puff of flame hits you!
* * * LOW HITPOINT WARNING * * *
Aiming: Shock (safe; 5% risk of failure)
Press: ? - help, Q - select action, (/) - cycle Shift-Dir - straight line, f/p - Jessica
Aim: Jessica, wielding a +0 club, wearing a +0 robe and carrying a wand of flame (11) (heavily wounded, 68% to hit)
The zap hits Jessica but does no damage.
Jessica is heavily wounded.
Aiming: Shock (safe; 5% risk of failure)
Press: ? - help, Q - select action, (/) - cycle Shift-Dir - straight line, f - you That beam is likely to hit you.
Continue anyway?
Okay, then.
Unknown command.
Jessica points at you and mumbles some strange words.
Pain shoots through your body!
Ouch! That really hurt!
You die...

#.########
####.## #.....#
#.....#
##.._..########
#..............
#...(..########
#....### ####@#
#.# #.# #.#
#.@......
###......
...... .....
.....


You could see Jessica.

Vanquished Creatures
  An iguana (D:1)
  A dart slug (D:1)
  3 ball pythons (D:1)
  An endoplasm (D:1)
  A giant cockroach (D:1)
  4 goblins
  A hobgoblin (D:1)
  3 jackals (D:1)
  3 kobolds (D:1)
  4 bats (D:1)
  A rat (D:1)
  A spectral kobold (D:1)
24 creatures vanquished.

Notes
Turn   | Place    | Note
-------+----------+-------------------------------------------
     0 | D:1      | pkoi the Demigod Air Elementalist began the quest for the
                  | Orb.
     0 | D:1      | Reached XP level 1. HP: 14/14 MP: 5/5
   141 | D:1      | Reached skill level 3 in Air Magic
   785 | D:1      | Reached XP level 2. HP: 19/20 MP: 5/7
  1094 | D:1      | Learned a level 2 spell: Static Discharge
  1791 | D:1      | Reached XP level 3. HP: 26/26 MP: 0/9
  2180 | D:2      | Noticed Jessica
  2187 | D:2      | Killed from afar by Jessica

Illustrated notes

Levels and vault maps discovered:
D:1:      sevenhm_arrival_forest_fort_large_4, layout_loops_ring,
          dreamdust_ecumenical_altar_drowned_temple, minmay_unequal
D:2:      layout_basic, basic_altar, minmay_tripent, uniq_jessica

Skill      XL: |  1 |
---------------+----+-----
Air Magic      | 3 |  3.7
Spellcasting   | 2 |  2.3
Dodging        | |  1.7
Stealth        | |  1.7
Unarmed Combat | |  0.9
Conjurations   | |  0.8

Action                   || total
-------------------------++-------
 Cast: Shock             ||    58
       Static Discharge  ||     2
  Use: Scroll            ||     3
       Potion            ||     1
Armor: Robe              ||     7
Dodge: Dodged            ||    15
